Map: Last Remnant

Players

IceMinion

  • Race: Terran Terran
  • Spawn Location: 1:00

nanuty

  • Race: Terran Terran
  • Spawn Location: 12:00

romeo

  • Race: Terran Terran
  • League: Silver
  • Spawn Location: 3:00

TACO

  • Race: Zerg Zerg
  • Spawn Location: 12:00

whateverdude - Winner!

  • Race: Zerg Zerg
  • Spawn Location: 7:00

Infamous - Winner!

  • Race: Protoss Protoss
  • League: Silver
  • Spawn Location: 6:00

prosecutor - Winner!

  • Race: Terran Terran
  • League: Gold
  • Spawn Location: 6:00

JORURO - Winner!

  • Race: Terran Terran
  • Spawn Location: 9:00

VOD

Have the link to the VOD?

Description

Time

  • Played on: April 9, 2018, 11:48 a.m.
  • Length: 19:04
Show
View Real Time Build Order
Export as new Build Order

IceMinion Terran 

Build Orders:  

Get SALT Encoding   

  12  0:39  Command Center  
  12  1:01  SCV  
  13  1:33  SCV  
  14  1:43  Supply Depot  
  14  1:45  SCV  
  15  1:54  Command Center  
  15  2:08  SCV  
  16  2:20  SCV x2  
  18  2:32  Command Center  
  18  2:39  SCV x2  
  20  2:52  SCV x2  
  22  3:09  Barracks  
  22  3:10  Barracks  
  22  3:13  Barracks  
  22  3:15  Barracks  
  22  3:19  SCV  
  23  3:22  SCV  
  24  3:28  SCV  
  24  3:31  SCV  
  26  3:34  SCV  
  26  3:40  SCV  
  28  3:43  SCV  
  28  3:46  SCV  
  28  3:47  Refinery  
  30  3:51  Refinery  
  30  3:52  SCV  
  31  3:55  SCV  
  31  3:58  SCV  
  33  4:03  Refinery  
  33  4:04  SCV  
  33  4:08  SCV, Refinery  
  35  4:10  SCV  
  35  4:16  SCV  
  37  4:20  SCV  
  37  4:22  SCV  
  39  4:24  Barracks  
  39  4:25  Barracks  
  39  4:28  Barracks, SCV  
  39  4:29  Barracks  
  40  4:40  SCV  
  40  4:44  Marine x4  
  45  4:48  SCV  
  45  4:52  SCV  
  47  5:00  SCV  
  47  5:02  Marine x4  
  47  5:04  SCV  
  53  5:12  Barracks Tech Lab  
  53  5:13  Barracks Reactor, SCV  
  54  5:17  Barracks Reactor, SCV  
  54  5:19  Marine, Barracks Reactor  
  54  5:20  Marine x3  
  59  5:25  SCV  
  60  5:29  SCV  
  61  5:36  Marauder  
  61  5:37  Marine, SCV, Combat Shields  
  61  5:38  Marine x3  
  68  6:04  Orbital Command x4  
  68  6:12  Supply Depot  
  68  6:13  Supply Depot x2  
  68  6:15  Barracks Reactor  
  68  6:18  Barracks Reactor  
  68  6:20  Barracks Reactor  
  68  6:22  Barracks Reactor  
  68  6:23  Marine  
  68  6:24  Marine  
  68  6:25  Marine x4  
  68  6:33  Marine  
  68  6:34  Supply Depot  
  68  6:36  Supply Depot  
  68  6:37  Supply Depot  
  69  6:41  Marine  
  69  6:42  Marine x2  
  69  6:43  Marine x3  
  75  6:48  Supply Depot  
  75  6:51  Marine  
  75  6:52  Marine x2, Factory  
  75  6:53  Marine x2  
  80  6:59  Marine  
  80  7:00  Marine x3  
  80  7:01  Marine x2  
  86  7:09  Marine x2  
  86  7:10  Supply Depot, Marine  
  86  7:11  Marine x3  
  86  7:12  Marine x3  
  95  7:16  Marine  
  95  7:17  Marine  
  95  7:18  Marine x2  
  95  7:19  Marine x2  
  101  7:27  Marine x2  
  101  7:28  Marine  
  101  7:29  Marine x3  
  107  7:30  Marine x3  
  107  7:32  Supply Depot  
  107  7:34  Marine  
  107  7:35  Marine  
  107  7:36  Marine x3  
  107  7:37  Marine  
  116  7:44  Marine  
  116  7:45  Marine  
  116  7:46  Marine  
  116  7:47  Marine x6  
  125  7:52  Marine  
  125  7:53  Marine, SCV  
  125  7:54  Marine x4  
  132  8:02  Marine  
  132  8:03  Marine x2  
  132  8:05  Marine x4, SCV  
  140  8:23  Supply Depot  
  140  8:27  Marine  
  140  8:28  SCV  
  140  8:29  Marine  
  140  8:30  Supply Depot  
  140  8:31  Marine  
  140  8:32  Supply Depot  
  137  8:34  Marine  
  137  8:35  Marine x2  
  140  8:44  Marine x7  
  140  8:45  SCV  
  148  8:51  Marine x5  
  148  8:52  Marine x2  
  148  8:53  Marine  
  148  8:54  Hellion  
  156  8:57  SCV  
  156  9:01  Armory  
  156  9:02  Marine x4  
  153  9:05  Armory  
  153  9:08  Engineering Bay  
  153  9:09  Marine  
  152  9:11  Engineering Bay  
  152  9:14  Marine  
  152  9:15  Marine x6, Hellion  
  159  9:23  Marine  
  160  9:24  Marine x4  
  160  9:30  Supply Depot  
  164  9:45  Marine  
  164  9:51  Marine x4  
  164  9:52  Hellion  
  169  9:53  Supply Depot  
  158  10:16  Supply Depot  
  158  10:23  Terran Vehicle And Ship Armor Level 1, Terran Vehicle Weapons Level 1  
  158  10:25  Terran Infantry Weapons Level 1, Terran Infantry Armor Level 1  
  130  10:38  Supply Depot  
  104  10:49  Factory Tech Lab  
  45  11:04  Marauder  
  45  11:05  Marine  
  45  11:06  Marine x13  
  59  11:16  Infernal Pre-Igniter  
  59  11:17  Thor  
  65  11:20  Concussive Shells  
  65  11:23  Marine x6  
  65  11:24  Marine x8  
  81  11:25  Marauder  
  81  11:41  Marine x8  
  81  11:42  Marine x6  
  96  11:47  Marauder  
  86  11:58  Marine  
  86  11:59  Marine x13  
  86  12:00  Thor  
  108  12:08  Marauder  
  108  12:16  Marine  
  108  12:17  Marine x13  
  124  12:30  Marauder  
  124  12:34  Marine  
  124  12:35  Marine x13  
  138  12:39  Orbital Command  
  138  12:43  Thor  
  146  12:51  Marauder  
  146  12:52  Marine x4  
  146  12:53  Marine x10  
  160  13:10  Marine x4  
  160  13:12  SCV, Marauder  
  167  13:24  SCV  
  167  13:26  Thor  
  174  13:34  Marauder  
  176  13:36  SCV  
  176  13:37  Terran Infantry Weapons Level 2  
  176  13:38  Terran Infantry Armor Level 2  
  177  13:48  SCV  
  178  13:53  Missile Turret  
  178  13:55  Missile Turret  
  178  13:56  Missile Turret  
  178  14:00  SCV  
  178  14:02  Marauder  
  181  14:03  Marine  
  181  14:09  Thor  
  168  14:14  Missile Turret  
  128  14:23  Marauder  
  54  14:45  Marauder  
  53  14:52  Thor  
Show
View Real Time Build Order
Export as new Build Order

nanuty Terran 

Build Orders:  

Get SALT Encoding   

  12  0:24  Supply Depot  
  12  0:38  Refinery  
  12  0:42  SCV, Refinery  
  13  0:52  Barracks  
  13  0:54  SCV  
  14  1:17  SCV  
  15  1:29  SCV  
  16  1:43  SCV  
  17  1:51  Barracks Reactor  
  17  2:06  Factory  
  17  2:11  SCV  
  18  2:29  Engineering Bay  
  18  2:42  Marine x2  
  20  2:54  Starport, Factory Tech Lab  
  20  3:04  Marine x2  
  22  3:31  Armory  
  22  3:39  Marine  
  23  3:50  Orbital Command  
  23  3:57  Armory  
  23  4:12  Factory  
  23  4:24  Starport Tech Lab  
  23  4:27  Drilling Claws  
  23  4:42  Marine  
  23  4:43  Widow Mine  
  26  4:59  Factory Reactor  
  26  5:04  Widow Mine  
  28  5:13  Missile Turret  
  28  5:32  Widow Mine  
  30  6:25  Supply Depot  
  30  6:30  SCV  
  31  6:46  SCV, Widow Mine x2  
  36  6:48  Supply Depot  
  36  6:58  SCV  
  35  7:08  Widow Mine x2  
  19  7:29  Widow Mine x2  
  19  7:45  Missile Turret  
  19  8:13  Widow Mine x2  
  23  8:34  Widow Mine x2  
  22  8:56  Widow Mine x2  
  26  9:27  Command Center  
  6  11:43  Widow Mine x2  
  10  11:58  Thor  
  16  12:04  Widow Mine  
  16  12:05  Widow Mine  
  20  12:26  Widow Mine  
  20  12:29  Raven  
  24  12:41  Thor  
Show
View Real Time Build Order
Export as new Build Order

romeo Terran 

Build Orders:  

Get SALT Encoding   

  12  0:29  SCV  
  12  0:33  Supply Depot, Refinery  
  13  0:41  SCV  
  14  0:53  SCV  
  15  0:57  Refinery  
  15  1:02  Barracks  
  15  1:39  Barracks  
  15  1:41  SCV  
  16  1:50  Barracks Reactor  
  16  1:54  SCV  
  17  2:06  SCV  
  18  2:18  SCV  
  19  2:27  Factory  
  19  2:29  Barracks Tech Lab  
  19  2:30  Supply Depot  
  19  3:12  Starport  
  19  3:13  Factory Tech Lab  
  19  3:15  Orbital Command  
  19  3:21  Engineering Bay  
  19  3:34  Marine x3  
  19  3:39  Siege Tank  
  25  3:59  Medivac  
  25  4:00  Missile Turret  
  27  4:40  Marine  
  27  4:42  Command Center  
  28  4:51  Marine x2  
  28  4:58  Marine  
  29  5:09  Marine x2  
  31  5:17  Siege Tank  
  33  5:26  Starport Tech Lab  
  33  5:30  Missile Turret  
  33  5:42  Marine x2  
  35  5:51  Missile Turret  
  35  5:56  Missile Turret  
  35  6:04  Orbital Command  
  35  6:13  Sensor Tower  
  35  6:17  Marine x3  
  38  6:30  Combat Shields  
  38  7:11  Siege Tank  
  38  7:12  Marine  
  38  7:13  Marine x2  
  34  7:40  SCV  
  35  7:49  Stimpack  
  35  7:52  Missile Turret, SCV  
  35  7:55  Medivac  
  38  8:04  SCV  
  39  8:11  Refinery  
  39  8:14  Armory  
  39  8:16  SCV  
  39  8:17  Hi-Sec Auto Tracking  
  43  8:20  Siege Tank  
  43  8:28  SCV  
  44  8:38  Refinery  
  44  8:40  SCV  
  45  8:50  Medivac  
  45  8:52  Siege Tank, SCV, Marauder  
  45  8:53  Reaper  
  54  9:04  Starport  
  54  9:14  Terran Infantry Weapons Level 1  
  54  9:40  Reaper x3  
  57  9:46  Starport Tech Lab  
  57  9:47  Supply Depot  
  57  9:50  Concussive Shells  
  57  10:12  Fusion Core  
  57  10:14  Command Center  
  57  10:22  Marauder  
  59  10:33  Marine x2  
  61  10:43  Marauder  
  63  10:51  Marine x2  
  65  11:05  Marauder  
  65  11:09  Marine x2  
  51  11:26  Marauder  
  51  11:27  Marine x2, Weapon Refit  
  51  11:29  Battlecruiser x2  
  51  11:32  Planetary Fortress  
  67  11:46  Sensor Tower  
  67  11:47  Marauder  
  66  12:09  SCV  
  67  12:21  SCV  
  68  12:33  SCV  
  69  12:37  Sensor Tower  
  69  12:43  Marine x2  
  71  12:45  SCV  
  71  12:46  Terran Infantry Weapons Level 2  
  72  12:51  Supply Depot  
  72  12:52  Command Center  
  72  12:57  SCV, Marauder  
  75  13:01  Marine x2  
  76  13:18  Marauder  
  76  13:19  Marine x2  
  80  13:21  Ghost Academy  
  80  13:34  Siege Tank  
  83  13:37  Marine  
  83  13:39  Missile Turret, Marauder  
  86  13:58  Bunker  
  86  14:01  Marauder  
  51  14:28  Refinery  
  43  14:44  Battlecruiser  
  43  14:45  Battlecruiser  
  49  14:47  Marine x2  
  51  14:56  Ghost  
  53  15:03  Command Center  
  53  15:05  Marine x2  
  55  15:23  Marine x2  
  57  15:40  Marine x2  
Show
View Real Time Build Order
Export as new Build Order

TACO Zerg 

Build Orders: Pool First, Lurkers 

Get SALT Encoding   

  12  0:03  Drone  
  13  0:08  Drone  
  14  0:29  Spawning Pool  
  14  0:32  Drone  
  14  0:36  Extractor  
  14  0:38  Drone  
  14  0:42  Extractor  
  13  0:48  Overlord  
  13  0:53  Drone  
  14  1:22  Zergling x6  
  17  1:31  Metabolic Boost  
  17  1:36  Zergling x2  
  18  1:48  Zergling x2  
  19  2:06  Lair  
  19  2:09  Zergling x4  
  21  2:26  Overlord  
  21  2:40  Drone  
  22  2:45  Drone  
  18  3:34  Drone x2  
  17  3:35  Overlord  
  18  3:49  Hatchery  
  17  4:02  Spine Crawler  
  16  4:05  Drone x2  
  18  4:12  Spine Crawler  
  18  4:15  Queen  
  19  4:33  Drone  
  19  4:34  Drone x2  
  6  6:12  Drone x3  
  9  6:50  Drone  
  9  6:51  Drone x3  
  13  7:21  Drone x3  
  13  7:22  Drone x2  
  18  7:58  Spawning Pool  
  18  8:00  Drone x3  
  20  8:28  Overlord  
  20  8:50  Spine Crawler  
  19  9:04  Drone x3  
  22  9:10  Extractor  
  21  9:53  Hatchery  
  20  10:27  Drone x3  
  23  10:45  Overlord  
  23  11:07  Drone  
  24  11:23  Hydralisk Den  
  23  11:28  Drone  
  23  11:29  Drone  
  25  11:53  Drone x4  
  25  11:54  Drone  
  30  12:05  Spine Crawler  
  27  12:32  Lurker Den  
  27  12:37  Queen  
  26  12:39  Drone x2  
  26  12:40  Drone  
  31  12:48  Spine Crawler  
  30  12:59  Spine Crawler  
  30  13:04  Spine Crawler  
  28  13:08  Spine Crawler  
  27  13:17  Hydralisk x3  
  33  13:33  Queen  
  35  13:58  Hydralisk x3  
  34  14:43  Lurker  
  34  14:44  Lurker x4  
  34  14:45  Lurker  
  40  14:48  Hydralisk x3  
  37  15:17  Hydralisk x3  
  37  15:20  Lurker x3  
  46  15:44  Lurker x2  
  46  15:45  Lurker  
  46  15:49  Hydralisk x2  
  53  15:52  Overlord x2  
  53  15:55  Overlord  
  53  16:14  Overseer x2  
  53  16:31  Hydralisk x3  
  59  17:14  Lurker x4  
  59  17:15  Lurker  
  64  17:20  Hydralisk x2  
  64  17:21  Hydralisk  
  70  18:02  Overlord x3  
  55  18:38  Hydralisk x3  
Show
View Real Time Build Order
Export as new Build Order

whateverdude Zerg - Winner!

Build Orders: Hatch First 

Get SALT Encoding   

  12  0:03  Drone  
  13  0:09  Drone  
  14  0:18  Overlord  
  14  0:49  Drone  
  15  0:50  Hatchery  
  15  0:51  Drone  
  15  0:55  Drone  
  16  1:13  Spawning Pool  
  16  1:15  Drone  
  16  1:19  Drone  
  17  1:25  Extractor  
  17  1:30  Extractor  
  17  1:31  Drone  
  16  1:35  Drone  
  17  1:46  Drone  
  18  1:56  Drone  
  19  2:07  Spine Crawler  
  18  2:11  Queen  
  18  2:12  Spine Crawler  
  18  2:15  Drone  
  20  2:23  Drone  
  20  2:27  Queen  
  23  2:30  Drone x2  
  23  2:37  Drone  
  26  2:45  Drone  
  26  2:46  Drone  
  28  3:00  Spine Crawler  
  28  3:03  Lair  
  27  3:06  Drone  
  27  3:10  Overlord  
  28  3:20  Overlord x2  
  27  3:46  Drone x2  
  27  3:47  Drone  
  30  3:52  Drone x2  
  30  3:53  Drone  
  33  3:56  Drone x3  
  33  3:57  Drone x2  
  38  4:07  Overseer  
  38  4:08  Hydralisk Den  
  37  4:17  Evolution Chamber  
  37  4:21  Evolution Chamber  
  35  4:29  Drone x5  
  40  4:38  Extractor  
  40  4:42  Extractor  
  38  4:49  Grooved Spines  
  38  4:51  Zerg Missile Weapons Level 1  
  38  4:53  Zerg Ground Armor Level 1  
  38  4:56  Drone  
  38  4:57  Drone, Overlord x2  
  40  5:14  Hydralisk x5  
  40  5:18  Overlord  
  50  5:29  Hydralisk x3  
  50  5:32  Drone x2  
  58  5:39  Pneumatized Carapace  
  58  6:00  Muscular Augments  
  58  6:10  Hydralisk x5  
  58  6:11  Hydralisk  
  68  6:15  Hatchery  
  69  6:19  Overlord x3  
  69  6:20  Overlord  
  69  6:32  Hydralisk x2  
  69  6:33  Hydralisk  
  75  6:40  Overseer  
  75  6:49  Hydralisk x2  
  75  6:50  Hydralisk x3  
  85  7:32  Drone  
  85  7:37  Queen  
  86  7:39  Drone  
  86  7:43  Hydralisk  
  86  7:44  Hydralisk x4  
  99  7:55  Overlord x2  
  99  7:56  Hydralisk x5, Overlord  
  99  7:57  Hydralisk  
  111  8:13  Zerg Missile Weapons Level 2  
  111  8:16  Zerg Ground Armor Level 2, Hatchery  
  110  8:35  Drone x3  
  113  8:41  Extractor  
  113  8:46  Extractor  
  113  8:47  Drone  
  112  8:57  Infestation Pit  
  112  8:58  Hydralisk x3  
  112  8:59  Hydralisk x5  
  127  9:08  Overlord x3  
  127  9:18  Drone x4  
  131  9:37  Hive  
  131  9:46  Hydralisk  
  131  9:47  Hydralisk x6  
  145  9:55  Drone x5  
  145  9:56  Drone  
  151  10:16  Overlord x3  
  151  10:17  Hydralisk x3  
  157  10:23  Overseer  
  157  10:36  Hydralisk x5  
  157  10:37  Hydralisk  
  157  11:09  Hydralisk x5  
  157  11:10  Hydralisk x5  
  177  11:29  Drone x4  
  177  11:30  Drone x2  
  183  11:42  Hatchery  
  182  11:47  Zerg Missile Weapons Level 3  
  182  11:50  Zerg Ground Armor Level 3  
  182  11:56  Queen  
  184  12:03  Hydralisk x4  
  192  12:22  Overlord x2  
  192  12:23  Overlord x3  
  192  12:34  Hydralisk Den  
  191  12:41  Hydralisk x2  
  191  12:42  Hydralisk x2  
  199  13:04  Extractor  
  198  13:08  Extractor  
  95  15:59  Hydralisk x2  
  95  16:00  Hydralisk x7  
  95  16:01  Hydralisk x3  
  119  16:11  Hydralisk x2  
  119  16:12  Hydralisk x7  
  119  16:13  Hydralisk x2  
  141  16:26  Hydralisk x6  
  153  16:43  Hydralisk  
  153  16:44  Hydralisk x5  
  165  16:48  Hydralisk x6  
  177  17:01  Hydralisk x2  
  177  17:02  Hydralisk x4  
  189  17:12  Hydralisk x5  
  199  17:17  Overseer x2  
  171  18:37  Hydralisk x3  
  171  18:38  Hydralisk x3  
Show
View Real Time Build Order
Export as new Build Order

Infamous Protoss - Winner!

Build Orders:  

Get SALT Encoding   

  12  0:01  Probe  
  13  0:15  Pylon  
  13  0:18  Probe (Chrono Boost)  
  14  0:28  Probe (Chrono Boost)  
  15  0:36  Gateway  
  15  0:39  Probe  
  16  0:49  Assimilator  
  16  0:59  Probe  
  17  1:05  Assimilator  
  17  1:11  Gateway  
  17  1:12  Probe  
  18  1:23  Cybernetics Core  
  18  1:28  Probe  
  19  1:40  Probe  
  19  1:44  Pylon  
  20  1:54  Probe  
  21  2:00  Warp Gate (Chrono Boost)  
  20  2:05  Stalker  
  20  2:07  Sentry  
  24  2:13  Probe  
  25  2:27  Probe  
  26  2:36  Stalker  
  28  2:37  Stalker  
  28  2:43  Probe  
  31  3:23  Robotics Facility  
  31  3:27  Nexus  
  31  3:41  Pylon  
  31  3:59  Probe  
  32  4:04  Forge  
  32  4:07  Stalker  
  32  4:08  Sentry  
  36  4:39  Immortal (Chrono Boost)  
  36  4:40  Probe x2  
  42  4:46  Adept x2  
  46  4:56  Protoss Ground Weapons Level 1 (Chrono Boost)  
  46  5:01  Probe x2  
  49  5:14  Probe x2  
  50  5:24  Adept  
  50  5:25  Adept  
  54  5:29  Assimilator  
  54  5:33  Assimilator  
  54  5:51  Pylon  
  54  5:56  Pylon  
  54  6:09  Probe x2, Immortal  
  60  6:24  Probe, Gateway  
  61  6:26  Gateway  
  61  6:30  Probe, Gateway  
  62  6:37  Probe  
  63  6:42  Probe  
  63  6:45  Stalker x2  
  68  7:06  Immortal (Chrono Boost)  
  48  7:25  Sentry  
  48  7:28  Sentry  
  52  7:34  Probe x2  
  54  7:43  Gateway, Protoss Ground Armor Level 1 (Chrono Boost)  
  54  7:45  Gateway  
  54  7:46  Gateway  
  54  7:48  Probe  
  54  7:49  Probe  
  56  7:57  Pylon  
  56  8:01  Pylon  
  56  8:02  Stalker  
  56  8:03  Adept x2  
  56  8:04  Adept  
  56  8:05  Pylon  
  64  8:12  Immortal (Chrono Boost)  
  66  8:44  Warp Prism  
  68  8:49  Probe x2  
  68  8:53  Stalker x4  
  74  8:55  Adept  
  64  9:20  Immortal  
  64  9:21  Sentry x2  
  64  9:23  Stalker  
  74  9:26  Stalker  
  74  9:27  Stalker x3  
  74  9:28  Stalker  
  84  9:59  Immortal  
  64  10:25  Twilight Council  
  64  10:38  Stalker x2  
  64  10:41  Stalker  
  68  10:42  Zealot  
  68  10:45  Zealot  
  68  10:46  Zealot x3  
  66  11:07  Zealot x5  
  66  11:08  Zealot x3  
  82  11:28  Probe  
  82  11:29  Charge  
  83  11:45  Templar Archives, Protoss Ground Armor Level 2 (Chrono Boost)  
  83  11:46  Probe x2  
  85  11:50  Gateway  
  85  11:52  Gateway  
  85  11:53  Gateway  
  85  12:11  Probe x2  
  85  12:12  Immortal  
  91  12:22  High Templar  
  93  12:30  Pylon  
  93  12:35  Pylon  
  93  12:38  Pylon  
  93  12:45  Pylon, Psionic Storm  
  93  12:58  High Templar x4  
  97  12:59  High Templar x4  
  109  13:21  Archon x4  
  109  13:33  High Templar x2  
  109  13:34  High Templar x4  
  115  13:35  High Templar x2  
  125  13:50  Probe  
  126  14:10  Nexus  
  126  14:13  Pylon  
  126  14:15  Pylon  
  126  14:17  Pylon  
  126  14:19  Pylon  
  126  14:30  Archon x4  
  126  14:31  Probe  
  126  14:37  High Templar x3  
  126  14:38  High Templar x2  
  137  14:50  Protoss Ground Armor Level 3 (Chrono Boost)  
  137  14:52  Probe x2  
  139  15:04  Probe x2  
  125  15:23  High Templar  
  125  15:24  High Templar  
  113  15:59  Assimilator  
  113  16:03  Assimilator  
  113  16:13  High Templar  
  113  16:17  Sentry  
  117  16:19  Zealot x3  
  117  16:20  Zealot x4  
  117  16:21  Zealot  
  117  16:23  Zealot  
  135  16:32  Observer  
  134  17:06  Zealot x3  
  134  17:07  Zealot x6  
  134  17:08  Zealot x2  
  150  17:16  Probe x2  
  146  17:30  High Templar  
  146  17:31  High Templar x6  
  147  17:47  Observer  
  146  18:00  Archon  
  146  18:07  High Templar x3  
  146  18:09  Observer  
  147  18:32  High Templar x2  
  151  18:44  Archon  
Show
View Real Time Build Order
Export as new Build Order

prosecutor Terran - Winner!

Build Orders: Command Center First (CC) 

Get SALT Encoding   

  12  0:04  SCV  
  13  0:16  SCV  
  14  0:28  SCV  
  15  0:32  Supply Depot  
  15  1:02  SCV  
  16  1:13  Command Center  
  16  1:32  Command Center  
  16  1:34  SCV  
  17  1:46  SCV  
  18  1:51  Supply Depot  
  17  2:10  Barracks  
  17  2:12  SCV  
  18  2:19  Barracks  
  18  2:24  SCV  
  18  2:26  Supply Depot  
  18  2:27  Barracks  
  19  2:33  Supply Depot  
  19  2:36  SCV  
  20  2:48  SCV  
  21  2:55  Barracks  
  21  3:00  SCV  
  21  3:02  Marine  
  23  3:10  Marine  
  24  3:19  Marine  
  25  3:20  Marine  
  26  3:28  Marine  
  26  3:32  SCV  
  28  3:35  SCV  
  28  3:36  Marine  
  28  3:38  Marine  
  31  3:43  Marine  
  31  3:46  Marine  
  33  3:54  Marine, SCV  
  36  3:55  Marine, SCV  
  37  4:02  Marine  
  37  4:03  Marine  
  37  4:06  SCV  
  37  4:07  SCV  
  41  4:12  Marine  
  41  4:13  Marine  
  41  4:16  Supply Depot  
  43  4:18  SCV  
  43  4:19  SCV  
  43  4:21  Marine  
  46  4:26  Marine  
  46  4:30  Marine  
  48  4:31  Marine  
  49  4:39  Marine  
  49  4:44  Marine  
  51  4:48  Marine  
  51  4:49  Marine  
  52  4:57  Marine  
  53  5:01  Marine  
  53  5:03  SCV  
  53  5:04  SCV  
  53  5:05  Marine  
  53  5:07  Marine  
  57  5:09  Supply Depot x3  
  56  5:15  Marine, SCV  
  56  5:16  SCV  
  54  5:27  SCV  
  55  5:36  SCV  
  55  5:39  Supply Depot, SCV  
  57  5:44  Marine x2  
  57  5:45  Marine  
  57  5:46  Marine  
  57  5:48  SCV  
  62  5:51  SCV  
  62  5:56  Refinery  
  63  5:58  Refinery  
  63  5:59  Refinery  
  63  6:00  SCV  
  63  6:02  Marine x2  
  63  6:03  Marine x2, SCV  
  69  6:04  Refinery  
  69  6:13  SCV  
  69  6:15  SCV  
  71  6:19  Marine  
  71  6:20  Marine  
  71  6:21  Marine x2  
  71  6:25  SCV  
  73  6:37  Marine, SCV  
  73  6:38  Marine  
  73  6:39  Marine x2  
  77  6:49  SCV  
  78  7:01  SCV  
  69  7:12  SCV  
  46  7:36  Engineering Bay  
  46  7:41  Command Center  
  46  7:48  SCV  
  47  7:58  Factory  
  47  8:00  SCV  
  47  8:02  Factory  
  48  8:11  Marine  
  48  8:12  Marine, SCV  
  50  8:13  Marine  
  50  8:14  Marine  
  53  8:24  SCV  
  54  8:29  Marine  
  54  8:30  Marine  
  54  8:31  Marine  
  54  8:32  Marine  
  50  8:36  SCV  
  50  8:37  Planetary Fortress  
  51  8:47  Marine, Factory Tech Lab x2  
  51  8:48  Marine  
  53  8:49  Marine  
  53  8:50  Marine  
  55  9:05  Marine  
  55  9:06  Marine  
  55  9:07  Marine x2  
  59  9:10  Siege Tank  
  59  9:13  Siege Tank  
  65  9:23  Marine x2  
  67  9:24  Marine  
  67  9:25  Marine  
  69  9:41  Marine  
  69  9:42  Marine, Siege Tank  
  69  9:43  Marine  
  69  9:45  Siege Tank  
  78  10:14  Siege Tank  
  78  10:17  Siege Tank  
  76  11:13  Siege Tank  
  76  11:14  Siege Tank  
  82  11:45  Siege Tank  
  82  11:46  Siege Tank  
  79  12:19  Siege Tank  
  79  12:20  Siege Tank  
  78  12:38  Marine x2  
  78  12:39  Marine x2  
  82  12:51  Siege Tank  
  82  12:52  Siege Tank  
  82  12:55  Marine  
  82  12:56  Marine x2  
  91  13:30  SCV  
  91  13:34  SCV  
  93  13:38  Siege Tank x2  
  86  13:42  SCV  
  86  13:46  SCV  
  86  13:54  SCV  
  87  13:58  SCV  
  88  14:06  SCV  
  86  14:10  Siege Tank, SCV  
  86  14:11  Siege Tank  
  87  14:18  SCV  
  87  14:22  SCV  
  74  14:42  Siege Tank  
  74  14:43  Siege Tank  
  80  14:47  Supply Depot  
  80  14:49  Supply Depot  
  80  14:52  Supply Depot  
  80  14:55  Supply Depot  
  80  14:56  Supply Depot  
  80  14:57  Supply Depot  
  80  15:01  Supply Depot  
  80  15:14  Siege Tank  
  80  15:15  Siege Tank  
  86  15:46  Siege Tank  
  86  15:47  Siege Tank  
Show
View Real Time Build Order
Export as new Build Order

JORURO Terran - Winner!

Build Orders:  

Get SALT Encoding   

  12  0:01  SCV  
  13  0:13  SCV  
  14  0:18  Supply Depot  
  14  0:25  SCV  
  15  0:32  Refinery  
  15  0:43  Barracks  
  15  0:48  SCV  
  16  1:00  SCV  
  17  1:11  Refinery  
  17  1:12  SCV  
  18  1:24  SCV  
  19  1:30  Barracks Reactor  
  19  1:32  Supply Depot  
  19  1:36  SCV  
  20  1:49  SCV  
  21  1:55  Supply Depot  
  21  2:01  SCV  
  22  2:09  Barracks  
  22  2:10  Reaper x2  
  24  2:42  Reaper x2  
  26  2:53  Command Center  
  23  3:06  Barracks Reactor  
  17  3:14  Reaper x2  
  15  3:42  Reaper  
  15  3:46  Reaper x2  
  18  3:52  SCV  
  19  4:04  SCV  
  19  4:07  SCV  
  21  4:18  Reaper  
  21  4:19  Reaper, SCV  
  21  6:10  SCV  
  22  6:15  Refinery  
  22  6:17  Refinery  
  22  6:21  SCV  
  22  6:22  SCV  
  24  6:33  SCV  
  24  6:34  SCV  
  26  6:45  SCV  
  26  6:46  SCV  
  28  6:58  SCV x2  
  30  7:10  SCV x2  
  32  7:21  Reaper x4  
  32  7:22  SCV  
  37  7:34  SCV  
  37  7:46  SCV  
  38  7:53  Reaper x4  
  42  8:08  Factory  
  42  8:25  Reaper x4  
  46  8:52  Engineering Bay  
  45  8:57  Reaper x2  
  39  9:30  Starport  
  35  10:33  Starport, Factory Tech Lab  
  35  10:34  Starport Tech Lab  
  29  11:01  Starport  
  18  11:39  Starport  
  18  12:01  SCV  
  18  12:07  SCV  
  20  12:13  SCV  
  21  12:19  SCV  
  22  12:26  SCV  
  23  12:31  SCV  
  24  12:38  SCV  
  24  12:42  Starport Tech Lab  
  24  12:43  SCV  
  26  12:50  SCV  
  27  12:55  SCV, Refinery  
  28  12:58  Refinery  
  28  13:07  SCV, Starport Tech Lab  
  29  13:14  Starport, Starport Tech Lab  
  29  13:19  SCV  
  30  13:30  SCV  
  30  13:31  SCV  
  32  13:42  SCV  
  32  13:44  SCV  
  34  13:51  Starport  
  34  13:54  SCV  
  35  13:55  Starport Tech Lab  
  35  13:56  SCV  
  36  14:06  SCV  
  36  14:08  SCV  
  38  14:12  Armory  
  38  14:18  SCV  
  38  14:20  SCV  
  40  14:31  SCV  
  40  14:32  SCV  
  42  14:43  SCV  
  42  14:44  SCV  
  44  14:56  SCV x2  
  44  14:59  Armory  
  46  15:08  SCV x2  
  48  15:14  Starport Tech Lab  
  48  15:20  SCV  
  49  15:27  Terran Ship Weapons Level 1  
  49  15:32  SCV  
  50  15:44  SCV  
  50  15:48  Fusion Core  
  51  15:56  SCV  
  52  16:00  Viking  
  54  16:19  Supply Depot  
  54  16:22  Supply Depot  
  54  16:41  Viking x4  
  54  16:42  Supply Depot  
  54  16:43  Viking  
  54  16:45  Supply Depot  
  64  16:58  Weapon Refit  
  64  17:01  Supply Depot  
  64  17:05  Supply Depot  
  64  17:10  Supply Depot  
  64  17:11  Viking x4  
  64  17:13  Viking  
  74  17:24  Supply Depot  
  74  17:34  Supply Depot  
  74  17:37  Supply Depot  
  74  17:40  Viking x3  
  74  17:41  Viking  
  74  17:43  Viking  
  84  17:46  Supply Depot  
  84  17:57  Supply Depot  
  84  18:00  Supply Depot  
  84  18:10  Viking x4  
  92  18:13  Viking  
Tags
 
Add a new tag
Caveats
  • Supply blocks, unpowered buildings, or Contaminate may cause inaccurate times.
  • Supply counts are checked every 10 seconds.